 Dungeon Crawl Stone Soup version 0.16.3-4-gc506b73efe (webtiles) character file.

24859 faibistes the Thaumaturge (level 12, -6/59 HPs)
             Began as a Deep Elf Wizard on Mar 27, 2024.
             Was the Champion of Sif Muna.
             Killed from afar by a fire drake (26 damage)
             ... with a blast of flame
             ... on level 6 of the Lair of Beasts.
             The game lasted 01:01:52 (23437 turns).

faibistes the Thaumaturge (Deep Elf Wizard)        Turns: 23437, Time: 01:01:53

Health: -6/59      AC:  3    Str:  4    XL:     12   Next: 84%
Magic:  36/36      EV: 18    Int: 29    God:    Sif Muna [******]
Gold:   1161       SH:  0    Dex: 17    Spells: 10 memorised, 8 levels left

rFire  . . .     SeeInvis .     w - +3 dagger (venom)
rCold  . . .     Clarity  .     D - +0 robe
rNeg   . . .     SustAb   .     (no shield)
rPois  .         Gourm    .     b - +1 hat
rElec  .         Spirit   .     (no cloak)
rCorr  +         Warding  .     (no gloves)
rMut   .         Stasis   .     (no boots)
MR     +....                    J - amulet of resist corrosion
Stlth  +++.......               M - +4 ring of dexterity
                                n - ring of stealth

@: repel missiles, somewhat resistant to hostile enchantments, fairly stealthy
A: hooves 1, regeneration 1
a: Channel Energy, Forget Spell, Renounce Religion


You were on level 6 of the Lair of Beasts.
You worshipped Sif Muna.
Sif Muna was exalted by your worship.
You were not hungry.

You visited 3 branches of the dungeon, and saw 18 of its levels.

You collected 1161 gold pieces.

Inventory:

Hand weapons
 g - a +0 dagger
 w - a +3 dagger of venom (weapon)
Armour
 b - a +1 hat (worn)
 i - the -2 helmet "Zulil" {-Tele rElec Regen+ Int+5 Stlth+}
   (You took it off Robin on level 4 of the Dungeon)

   It affects your intelligence (+5).
   It insulates you from electricity.
   It prevents most forms of teleportation.
   It increases your rate of regeneration.
   It makes you more stealthy.
 D - a +0 robe (worn)
Magical staves
 R - an uncursed staff of poison
Rods
 z - a +1 rod of destruction (14/14)
   (You found it on level 4 of the Lair of Beasts)
Jewellery
 j - an uncursed ring of protection from cold
 n - a ring of stealth (left hand)
 y - an uncursed ring of flight
 G - an uncursed ring of positive energy
 J - an amulet of resist corrosion (around neck)
 M - a +4 ring of dexterity (right hand)
 N - an uncursed ring of sustain abilities
 Q - an uncursed ring of protection from fire
Magical devices
 v - a wand of teleportation (7)
 C - a wand of slowing (37)
 H - a wand of cold (9)
 I - a wand of draining (5)
Scrolls
 a - 4 scrolls of fear
 e - 10 scrolls of remove curse
 m - 8 scrolls of teleportation
 s - 2 scrolls of identify
 t - 3 scrolls of enchant armour
 B - 3 scrolls of magic mapping
 F - 5 scrolls of recharging
Potions
 c - a potion of magic
 f - a potion of agility
 k - 2 potions of invisibility
 l - 8 potions of curing
 p - 5 potions of brilliance
 u - 2 potions of haste
 x - a potion of heal wounds
 A - 3 potions of restore abilities
 K - 2 potions of cancellation
 O - a potion of resistance
 T - a potion of might
Books
 L - Sif Muna's Volume of Gliding Conjuration
   (Sif Muna gifted it to you on level 4 of the Lair of Beasts)

   Spells                             Type                      Level
   a - Sting                          Conjuration/Poison           1
   b - Shock                          Conjuration/Air              1
   c - Iskenderun's Mystic Blast      Conjuration                  4
   d - Poisonous Cloud                Conjuration/Poison/Air       6
   e - Chain Lightning                Conjuration/Air              8
Comestibles
 d - 9 bread rations
 h - 6 beef jerkies
 o - 7 meat rations
 q - 19 fruits
 r - 2 royal jellies
 E - 9 slices of pizza
 P - 2 chunks of flesh


   Skills:
 + Level 8.7 Dodging
 - Level 2.4 Stealth
 * Level 13.7 Spellcasting
 * Level 9.3 Conjurations
 - Level 1.1 Summonings
 - Level 5.5 Necromancy
 - Level 2.2 Translocations
 - Level 3.5 Transmutations
 * Level 9.5 Fire Magic
 - Level 6.4 Air Magic
 - Level 3.1 Poison Magic
 * Level 8.6 Invocations
 + Level 6.4 Evocations


You had 8 spell levels left.
You knew the following spells:

 Your Spells              Type           Power        Failure   Level  Hunger
a - Magic Dart            Conj           ####         1%          1    None
b - Conjure Flame         Conj/Fire      ######..     1%          3    None
c - Call Imp              Summ           ####....     2%          2    None
d - Blink                 Tloc           N/A          1%          2    None
e - Mephitic Cloud        Conj/Pois/Air  ######..     1%          3    None
f - Repel Missiles        Chrm/Air       #####.       1%          2    None
i - Ignite Poison         Fire/Trmt      ######....   8%          5    #......
k - Animate Dead          Necr           N/A          3%          4    None
x - Airstrike             Air            ######....   1%          4    None
z - Iskenderun's Mystic   Conj           ######..     1%          4    None


Dungeon Overview and Level Annotations

Branches:
Dungeon (11/15)            Temple (1/1) D:5            Lair (6/8) D:9
  Swamp: Lair:3-6    Shoals: Lair:3-6     Snake: Lair:3-6    Spider: Lair:3-6
  Slime: Lair:6-8       Orc: D:9-12

Altars:
Ashenzari
Cheibriados
Dithmenos
Elyvilon
Fedhas
Gozag
Kikubaaqudgha
Makhleb
Nemelex Xobeh
Okawaru
Qazlal
Ru
Sif Muna
Trog
Vehumet
Xom
Yredelemnul
Zin
The Shining One

Shops:
D:4 *

Annotations:
D:9 Gastronok


Innate Abilities, Weirdness & Mutations

You have large cloven feet.
Your natural rate of healing is unusually fast.


Message History

There is a stone staircase leading up here.
You climb upwards.
Your mindless thralls stay behind.
There is a stone staircase leading down here.
Some of the chunks of flesh in your inventory have rotted away.
Found 3 tomahawks.
Found a stone staircase leading down.
Found a scroll of identify.
There is a stone staircase leading down here.
You climb downwards.
Your mindless thrall stays behind.
You feel an oppressive heat about you.
There is an entrance to a volcano on this level.
Hurry and find it before the entrance collapses! 6 death yaks and a fire drake come into view.
The death yak bellows! x5
The death yak gores you.
Found 7 gold pieces and a hardcover book.
There is a stone staircase leading up here.
The death yak gores you!! The death yak gores you!
The fire drake breathes flames at you. The blast of flame hits you!
You die...

... .........
.#........ P
......:. ...
#......#
...P#......##
....P....Y..#..
#.PP.P...Y......
#.P...@Y.YY....
###.#.Y...PP.#.
.......##..
..$......k.
...............
#............
##.........
###...... #..


You could see 6 death yaks and a fire drake.

Vanquished Creatures
  2 hydras
  2 hill giants (D:10)
  2 black mambas
  3 spiny frogs
  A queen ant (D:9)
  6 komodo dragons
  A fire drake (Lair:3)
  2 trolls (D:10)
  9 blink frogs (Lair:4)
  2 basilisks
  A centaur simulacrum (D:10)
  25 yaks
  3 hippogriffs
  Eustachio (D:7)
  A deep elf fighter (D:8)
  2 hungry ghosts
  5 wolves
  12 soldier ants (D:9)
  3 water moccasins
  6 porcupines
  A black bear (D:8)
  5 orc warriors
  4 necrophages
  4 ogres
  5 sky beasts
  2 centaurs (D:10)
  2 ice beasts (D:8)
  12 giant frogs
  A boring beetle (Lair:2)
  2 big kobolds
  3 crocodiles
  6 scorpions
  A gnoll sergeant (D:8)
  A wyvern skeleton (D:8)
  4 wights (D:7)
  7 killer bees
  2 yak zombies
  2 crimson imps
  A wolf zombie (Lair:3)
  A goliath beetle (D:7)
  6 hounds
  A giant frog zombie (D:6)
  4 orc priests
  2 giant frog skeletons
  12 orc wizards
  29 worker ants
  5 iguanas
  A sheep (Lair:3)
  2 killer bee zombies
  A necrophage skeleton (Lair:4)
  A hound zombie (D:8)
  Robin (D:4)
  5 gnolls (D:8)
  10 river rats
  2 shadow imps
  5 giant mites
  14 adders
  2 worms
  An adder zombie (D:8)
  7 giant geckos
  3 oozes
  38 orcs
  17 bats
  2 bat skeletons
  2 bat zombies
  24 hobgoblins
  33 kobolds
  12 quokkas
  3 ball pythons
  8 giant cockroaches
  2 giant newts
  13 goblins
  A jackal skeleton (D:6)
  A quokka skeleton (D:5)
  12 rats
  5 ballistomycetes (D:10)
  A fungus (Lair:3)
443 creatures vanquished.

Vanquished Creatures (collateral kills)
  A torpor snail (Lair:3)
  2 black mambas
  4 spiny frogs
  A komodo dragon (Lair:3)
  A basilisk (Lair:4)
  2 blink frogs (Lair:4)
  5 yaks
  5 wolves
  A hippogriff (Lair:2)
  A porcupine (Lair:4)
  A soldier ant (D:9)
  An ice beast (D:9)
  2 necrophages (Lair:4)
  2 crocodiles (Lair:4)
  A centaur (D:9)
  2 giant frogs
  A scorpion (D:10)
  A hound (Lair:2)
  10 worker ants (D:9)
  An iguana (Lair:3)
  5 sheep (Lair:3)
  2 adders
  4 river rats (Lair:3)
  An orc (D:10)
  3 goblins (D:3)
  2 hobgoblins (D:3)
  A quokka (Lair:4)
  10 fungi
  A plant (Lair:4)
74 creatures vanquished.

Vanquished Creatures (others)
  A blink frog zombie (Lair:4)
  A blink frog skeleton (Lair:4)
  2 komodo dragon zombies
  A water moccasin zombie (Lair:3)
  A hippogriff zombie (Lair:4)
  4 yak zombies
  A yak skeleton (Lair:2)
  2 wolf zombies
  A basilisk zombie (Lair:3)
  6 soldier ant zombies (D:9)
  A worker ant (D:9)
  A killer bee zombie (D:10)
  A crocodile zombie (Lair:4)
  A necrophage skeleton (Lair:4)
  12 worker ant zombies (D:9)
  A sheep zombie (Lair:3)
  A giant spore (D:10)
  An orc zombie (D:10)
  A river rat skeleton (Lair:4)
  2 river rat zombies (Lair:3)
  2 fungi (Lair:3)
  4 plants
48 creatures vanquished.

Grand Total: 565 creatures vanquished

Notes
Turn   | Place    | Note
--------------------------------------------------------------
     0 | D:1      | faibistes, the Deep Elf Wizard, began the quest for the Orb.
     0 | D:1      | Reached XP level 1. HP: 10/10 MP: 6/6
   269 | D:1      | Reached XP level 2. HP: 15/15 MP: 4/10
   279 | D:1      | Learned a level 2 spell: Blink
   282 | D:1      | Learned a level 2 spell: Call Imp
   513 | D:1      | Reached skill level 5 in Spellcasting
   585 | D:1      | Reached XP level 3. HP: 19/19 MP: 10/14
   590 | D:1      | Learned a level 3 spell: Conjure Flame
   594 | D:1      | Learned a level 3 spell: Mephitic Cloud
  1653 | D:2      | Learned a level 2 spell: Repel Missiles
  1974 | D:2      | Found a white marble altar of Elyvilon.
  2052 | D:2      | Reached XP level 4. HP: 24/24 MP: 15/17
  2610 | D:3      | Reached skill level 6 in Spellcasting
  2610 | D:3      | Reached XP level 5. HP: 21/28 MP: 5/20
  2794 | D:4      | Noticed Robin
  3696 | D:4      | Killed Robin
  3724 | D:5      | Entered Level 5 of the Dungeon
  4282 | D:3      | Learned a level 4 spell: Airstrike
  4315 | D:4      | Got a crude helmet
  4326 | D:4      | Identified the cursed -2 helmet "Zulil" {-Tele rElec Regen+ Int+5 Stlth+} (You took it off Robin on level 4 of the Dungeon)
  4426 | D:4      | Reached skill level 7 in Spellcasting
  4533 | D:6      | Reached XP level 6. HP: 32/32 MP: 19/23
  4537 | D:6      | Noticed an orc warrior
  4826 | D:5      | Killed an orc warrior
  4826 | D:5      | Reached skill level 1 in Air Magic
  5270 | D:5      | Reached XP level 7. HP: 36/36 MP: 4/25
  5374 | D:5      | Noticed a sky beast
  5522 | D:5      | Reached skill level 8 in Spellcasting
  5522 | D:5      | Reached skill level 1 in Poison Magic
  5729 | D:5      | Found a staircase to the Ecumenical Temple.
  5758 | Temple   | Entered the Ecumenical Temple
  5764 | Temple   | Became a worshipper of Sif Muna the Loreminder
  5940 | D:5      | Noticed a sky beast
  5951 | D:5      | Killed a sky beast
  6154 | D:5      | Killed a sky beast
  6392 | D:4      | Found Zin's Purification Station.
  6393 | D:4      | Found a glowing silver altar of Zin.
  6551 | D:4      | Found a burning altar of Makhleb.
  6611 | D:4      | Reached skill level 5 in Conjurations
  6869 | D:4      | Reached XP level 8. HP: 41/41 MP: 23/27
  7020 | D:4      | Gained mutation: You have large cloven feet. [potion of beneficial mutation]
  7990 | D:6      | Noticed an ogre
  7998 | D:6      | Killed an ogre
  7998 | D:6      | Acquired Sif Muna's first power
  7998 | D:6      | Reached skill level 5 in Dodging
  8008 | D:6      | Reached skill level 9 in Spellcasting
  8288 | D:6      | Noticed an ogre
  8301 | D:6      | Killed an ogre
  8720 | D:7      | Noticed Eustachio
  9016 | D:7      | Acquired Sif Muna's second power
  9255 | D:7      | Reached skill level 1 in Fire Magic
  9255 | D:7      | Reached skill level 1 in Invocations
  9255 | D:7      | Reached XP level 9. HP: 32/45 MP: 26/29
  9445 | D:7      | Reached skill level 1 in Evocations
  9786 | D:7      | Killed Eustachio
  9786 | D:7      | Reached skill level 10 in Spellcasting
 10161 | D:7      | Found a snail-covered altar of Cheibriados.
 10381 | D:8      | Found a shadowy altar of Dithmenos.
 10430 | D:8      | Reached skill level 5 in Air Magic
 10755 | D:10     | Entered Level 10 of the Dungeon
 10804 | D:10     | Gained mutation: Your natural rate of healing is unusually fast. [potion of beneficial mutation]
 10953 | D:9      | Noticed Gastronok
 11075 | D:8      | HP: 2/45 [poisoned by a scorpion]
 11311 | D:9      | Found a staircase to the Lair.
 11311 | D:9      | Noticed a komodo dragon
 11747 | D:8      | Learned a level 4 spell: Animate Dead
 11965 | D:8      | Reached XP level 10. HP: 50/50 MP: 18/31
 12367 | D:8      | Reached skill level 1 in Necromancy
 12658 | D:9      | Killed a komodo dragon
 12806 | D:9      | You fall through a shaft!
 13055 | D:10     | Acquired Sif Muna's third power
 13257 | D:10     | Noticed a hill giant
 13266 | D:10     | Killed a hill giant
 13266 | D:10     | Reached skill level 11 in Spellcasting
 13266 | D:10     | Reached skill level 5 in Fire Magic
 13930 | D:10     | Reached skill level 5 in Invocations
 14024 | D:10     | Noticed a hill giant
 14033 | D:10     | Killed a hill giant
 14754 | D:9      | Reached XP level 11. HP: 54/54 MP: 19/33
 14863 | D:9      | Noticed a queen ant
 14887 | D:9      | Killed a queen ant
 15653 | Lair:1   | Entered Level 1 of the Lair of Beasts
 15904 | Lair:1   | Reached skill level 12 in Spellcasting
 16344 | Lair:2   | Reached skill level 5 in Necromancy
 16876 | Lair:2   | Noticed a four-headed hydra
 16885 | Lair:2   | Killed a four-headed hydra
 16885 | Lair:2   | Received a gift from Sif Muna
 16886 | Lair:2   | Identified Criajuah's Handbook of Damaging Fire (Sif Muna gifted it to you on level 2 of the Lair of Beasts)
 16893 | Lair:2   | Learned a level 5 spell: Ignite Poison
 17463 | Lair:2   | Reached skill level 1 in Transmutations
 17463 | Lair:2   | Reached skill level 5 in Evocations
 18634 | Lair:3   | Reached XP level 12. HP: 51/59 MP: 33/35
 19878 | Lair:4   | Reached skill level 13 in Spellcasting
 20998 | Lair:4   | Identified a +1 rod of destruction (14/14) (You found it on level 4 of the Lair of Beasts)
 21120 | Lair:4   | Noticed an eight-headed hydra
 21150 | Lair:4   | Killed an eight-headed hydra
 21663 | Lair:4   | Received a gift from Sif Muna
 21664 | Lair:4   | Identified Sif Muna's Volume of Gliding Conjuration (Sif Muna gifted it to you on level 4 of the Lair of Beasts)
 21855 | Lair:4   | Learned a level 4 spell: Iskenderun's Mystic Blast
 23437 | Lair:6   | Killed from afar by a fire drake

Action                   |  1- 3 |  4- 6 |  7- 9 | 10-12 || total
-------------------------+-------+-------+-------+-------++-------
Melee: Dagger            |     5 |    20 |    93 |   211 ||   329
 Cast: Magic Dart        |   103 |   138 |   281 |   229 ||   751
       Repel Missiles    |     1 |     1 |     1 |       ||     3
       Mephitic Cloud    |       |    10 |    30 |    37 ||    77
       Blink             |       |     6 |     8 |     7 ||    21
       Call Imp          |       |     3 |       |     1 ||     4
       Conjure Flame     |       |     2 |    17 |    99 ||   118
       Airstrike         |       |       |    54 |   142 ||   196
       Animate Dead      |       |       |       |    40 ||    40
       Iskenderun's Myst |       |       |       |    11 ||    11
       Ignite Poison     |       |       |       |     7 ||     7
Invok: Channel Energy    |       |       |     1 |    20 ||    21
Evoke: Wand              |       |       |     1 |       ||     1
  Use: Scroll            |       |    16 |     8 |     9 ||    33
       Potion            |       |       |     3 |       ||     3
 Stab: Sleeping          |     1 |       |     2 |     1 ||     4
       Confused          |       |       |     5 |     5 ||    10
       Distracted        |       |       |       |     1 ||     1
  Eat: Chunk             |     2 |    10 |    21 |    33 ||    66
       Fruit             |       |       |     2 |     5 ||     7
